Map: Acropolis LE

Players

Murena

  • Race: Terran Terran
  • Spawn Location: 5:00

ИИ 1 (эксперт) - Winner!

  • Race: Zerg Zerg
  • Spawn Location: 11:00

VOD

Have the link to the VOD?

Description

Time

  • Played on: June 16, 2019, 8:14 a.m.
  • Length: 7:14
Show
View Real Time Build Order
Export as new Build Order

Murena Terran 

Build Orders:  

Get SALT Encoding   

  12  0:02  SCV  
  13  0:14  SCV  
  13  0:19  Supply Depot  
  14  0:27  SCV  
  15  0:41  SCV  
  15  0:42  Barracks  
  16  0:56  SCV, Barracks  
  17  1:09  Barracks  
  17  1:11  SCV  
  18  1:23  SCV  
  19  1:30  Marine  
  19  1:32  Refinery  
  20  1:36  Supply Depot  
  20  1:41  Orbital Command  
  20  1:44  Marine  
  21  1:49  Marine  
  22  1:56  Marine  
  23  2:03  Marine  
  23  2:07  Marine  
  26  2:08  SCV  
  26  2:15  Supply Depot  
  26  2:16  Marine  
  26  2:21  SCV  
  26  2:22  Marine  
  29  2:26  Marine  
  30  2:33  SCV  
  30  2:36  Marine  
  32  2:40  Marine  
  33  2:44  Barracks Tech Lab  
  33  2:57  SCV, Command Center  
  34  3:03  Combat Shield  
  34  3:05  Marine  
  34  3:07  Marine  
  36  3:14  Supply Depot  
  36  3:15  SCV  
  37  3:20  Marine  
  38  3:28  SCV  
  39  3:38  Marine  
  39  3:39  Barracks Reactor  
  39  3:40  Marine  
  41  3:42  SCV  
  41  3:43  Supply Depot  
  42  3:52  Refinery  
  42  3:53  Engineering Bay  
  42  3:55  SCV  
  43  3:56  Marine  
  43  3:58  Marine  
  45  4:08  SCV  
  46  4:12  Orbital Command  
  46  4:15  Barracks Reactor  
  46  4:19  Marine  
  46  4:20  Marine x2  
  46  4:22  Terran Infantry Weapons Level 1, Engineering Bay  
  49  4:25  SCV  
  50  4:39  Bunker, SCV  
  50  4:40  SCV  
  50  4:41  Marine x2  
  50  4:45  Marauder  
  56  4:49  Terran Infantry Armor Level 1  
  56  4:51  Marine  
  57  4:53  Reaper  
  57  4:54  SCV  
  57  4:56  SCV  
  60  5:00  Missile Turret  
  60  5:02  Marine x2  
  62  5:08  Marauder, SCV  
  62  5:09  SCV  
  62  5:12  Marine  
  67  5:20  Marine  
  68  5:21  Marine  
  68  5:26  Missile Turret  
  68  5:27  SCV  
  70  5:30  Supply Depot  
  70  5:37  Factory  
  70  5:39  Factory  
Show
View Real Time Build Order
Export as new Build Order

ИИ 1 (эксперт) Zerg - Winner!

Build Orders: Hatch First, Zergling Baneling 

Get SALT Encoding   

  12  0:00  Drone  
  13  0:12  Overlord  
  13  0:16  Drone  
  14  0:31  Drone x2  
  14  0:34  Drone  
  17  0:54  Hatchery  
  17  0:56  Drone  
  17  1:11  Spawning Pool  
  17  1:14  Drone  
  17  1:16  Extractor  
  16  1:19  Drone  
  16  1:22  Extractor  
  16  1:25  Drone  
  17  1:29  Drone  
  18  1:38  Drone  
  19  1:49  Overlord  
  19  1:59  Queen  
  21  2:02  Zergling x2  
  22  2:18  Queen  
  24  2:24  Drone  
  24  2:29  Drone  
  26  2:34  Drone  
  27  2:39  Drone  
  28  2:52  Lair  
  28  2:56  Zergling x2  
  29  2:59  Zergling x2  
  29  3:02  Drone  
  29  3:04  Drone  
  32  3:09  Drone  
  32  3:12  Zergling x2  
  34  3:15  Zergling x2  
  34  3:18  Zergling x2  
  36  3:24  Overlord  
  36  3:31  Baneling Nest  
  36  3:32  Drone  
  36  3:46  Drone  
  38  3:48  Drone  
  38  3:51  Drone  
  38  3:52  Spire  
  38  3:53  Drone  
  39  3:56  Drone  
  39  3:58  Drone  
  39  4:01  Drone  
  42  4:06  Overlord  
  42  4:15  Baneling x2  
  42  4:16  Baneling x2, Zergling x2  
  43  4:17  Baneling x2  
  43  4:18  Zergling x2  
  43  4:24  Baneling x2, Zergling x4  
  45  4:28  Overlord  
  46  4:42  Roach Warren  
  45  4:54  Hydralisk Den  
  45  4:58  Drone  
  45  5:00  Drone  
  45  5:04  Overlord  
  45  5:05  Mutalisk  
  45  5:06  Drone, Mutalisk  
  49  5:08  Drone  
  49  5:11  Drone  
  49  5:12  Drone  
  54  5:15  Drone  
  54  5:17  Drone  
  56  5:22  Drone  
  56  5:23  Hydralisk, Overlord  
  56  5:24  Roach  
  56  5:26  Roach  
  63  5:29  Roach  
  63  5:31  Roach  
  67  5:40  Hydralisk  
  67  5:41  Drone  
  70  5:45  Infestation Pit  
  70  5:47  Overlord  
  69  5:51  Drone  
  69  5:53  Drone  
  69  5:55  Drone  
  72  5:57  Hydralisk  
  72  6:02  Extractor  
  72  6:05  Drone, Overlord  
  72  6:06  Hydralisk, Extractor  
  72  6:07  Drone  
  72  6:08  Drone  
  72  6:09  Drone  
  77  6:11  Drone  
  77  6:13  Drone  
  77  6:17  Roach  
  81  6:23  Roach, Overlord, Infestor  
  81  6:24  Roach  
  68  6:33  Zergling x2  
  68  6:34  Zergling x2  
  68  6:35  Hydralisk, Roach  
  68  6:36  Hydralisk  
  68  6:44  Roach  
  68  6:45  Hydralisk  
  66  6:48  Hydralisk  
  66  6:49  Drone x2  
  64  6:56  Drone x2  
Tags
 
Matchup
ЗvТ
Spawn Locations
Cross Positions
Add a new tag
Caveats
  • Supply blocks, unpowered buildings, or Contaminate may cause inaccurate times.
  • Supply counts are checked every 10 seconds.